 Dungeon Crawl Stone Soup version 0.21-a0-417-g0adc95b (webtiles) character file.

78 theanonym the Ruffian (level 4, -7/40 HPs)
             Began as a Ghoul Monk on Nov 3, 2017.
             Mangled by an orc
             ... wielding a +0 flail
              (8 damage)
             ... on level 3 of the Dungeon.
             The game lasted 00:05:17 (1606 turns).

theanonym the Ruffian (Ghoul Monk)                  Turns: 1606, Time: 00:05:18

Health: -7/40      AC:  3    Str: 15    XL:     4   Next: 36%
Magic:  3/3        EV: 18    Int:  8    God:
Gold:   144        SH:  0    Dex: 16    Spells: 3/3 levels left

rFire    . . .     SeeInvis +     - Unarmed
rCold    + . .     Gourm    .   (no shield)
rNeg     + + +     Faith    .   n - +0 leather armour
rPois    ∞         Spirit   .   (no helmet)
rElec    .         Reflect  .   (no cloak)
rCorr    .         Harm     .   (no gloves)
MR       .....                  (no boots)
Stlth    +++.......             (no amulet)
HPRegen  0.00/turn              e - ring of see invisible
MPRegen  0.08/turn              g - +3 ring of intelligence

@: agile, rotting, hasted, very quick
A: rotting body, claws 1, carnivore 3, cold resistance 1, negative energy
resistance 3, inhibited regeneration, torment resistance, unbreathing
a: no special abilities


You were on level 3 of the Dungeon.
You were not hungry.

You visited 1 branch of the dungeon, and saw 3 of its levels.

You collected 144 gold pieces.

Inventory:

Armour
 a - a +0 robe
 n - a +0 leather armour (worn)
   (You found it on level 2 of the Dungeon)
Jewellery
 e - a ring of see invisible (left claw)
   (You found it on level 1 of the Dungeon)
 g - a +3 ring of intelligence (right claw)
   (You found it on level 1 of the Dungeon)
Scrolls
 d - 2 scrolls of enchant armour
 h - a scroll of magic mapping {unknown}
 i - a scroll of recharging {unknown}
 k - a scroll of teleportation {unknown}
 l - a scroll of immolation {unknown}
 m - a scroll of remove curse {unknown}
 q - a scroll of fog {unknown}
 r - 2 scrolls of identify
Potions
 c - a potion of flight {unknown}
 j - 2 potions of agility
 p - a potion of resistance {unknown}
Comestibles
 b - 2 meat rations
 f - a chunk of flesh


   Skills:
 + Level 3.9 Fighting
 + Level 0.7 Armour
 + Level 3.2 Dodging
 - Level 2.1 Stealth
 * Level 4.4 Unarmed Combat


You had 3 spell levels left.
You didn't know any spells.

Dungeon Overview and Level Annotations

Branches:
Dungeon (3/15)

Altars:
Elyvilon
Makhleb
Zin
The Shining One


Innate Abilities, Weirdness & Mutations

Your body is rotting away.
You thrive on raw meat.
You are immune to poison.
You have sharp fingernails.
You are carnivorous and can eat meat at any time.
Your flesh is cold resistant. (rC+)
You are immune to negative energy. (rN+++)
You do not regenerate when monsters are visible.
You are immune to unholy pain and torment.
You can survive without breathing.


Message History

There is a stone staircase leading up here.
There is a stone staircase leading down here.
Partly explored, can't reach some places.
Unknown command.
Partly explored, can't reach some places.
Some of the chunks of flesh in your inventory have rotted away.
There is a stone staircase leading down here.
Search for what [? for help]? shield Can't find anything matching that.
You climb downwards.
There is a stone staircase leading up here.
Found a scale mail.
You now have 144 gold pieces (gained 12).
A giant cockroach comes into view.
A giant cockroach is nearby!
A giant cockroach is nearby!
A giant cockroach is nearby!
A giant cockroach is nearby!
A giant cockroach is nearby!
An orc wizard comes into view. It is wielding a dagger.
The orc wizard shouts!
You hear a shout! x2
The giant cockroach closely misses you.
The orc wizard gestures at you while chanting.
The puff of frost hits you!
An orc comes into view. It is wielding a dagger of speed.
You see here a scroll labeled SUMUEG QIBESS.
You scratch the giant cockroach. The giant cockroach closely misses you.
The orc wizard mumbles some strange words.
The orc wizard seems to speed up.
An orc comes into view. It is wielding a flail.
You scratch the giant cockroach but do no damage.
The giant cockroach misses you. The giant cockroach barely misses you.
You miss the orc wizard.
The orc wizard hits you but does no damage.
The giant cockroach barely misses you.
An orc comes into view. It is wielding a falchion.
You barely miss the orc wizard. The orc wizard barely misses you.
The giant cockroach bites you but does no damage.
You scratch the orc.
The giant cockroach bites you but does no damage.
You closely miss the orc. The orc completely misses you.
The giant cockroach barely misses you.
You barely miss the orc. The orc misses you. The giant cockroach bites you.
You take 1 damage, and have 39/40 hp.
You barely miss the orc. The orc misses you. The giant cockroach misses you.
The orc hits you but does no damage. x2
You closely miss the orc.
The giant cockroach bites you but does no damage.
The orc closely misses you. x2
You scratch the orc.
You kill the orc!
The giant cockroach bites you.
You take 1 damage, and have 38/40 hp.
You scratch the orc. The giant cockroach barely misses you.
The orc hits you with a falchion. The orc misses you.
You take 5 damage, and have 33/40 hp.
You scratch the orc but do no damage.
The orc wizard looks encouraged for a moment.
The giant cockroach bites you. The orc hits you with a falchion.
The orc hits you but does no damage.
You take 7 damage, and have 26/40 hp.
You are too injured to fight recklessly!
You are too injured to fight recklessly!
You are too injured to fight recklessly!
You are too injured to fight recklessly!
You scratch the orc. The giant cockroach closely misses you.
The orc hits you but does no damage. The orc barely misses you.
You closely miss the orc. The giant cockroach barely misses you.
The orc barely misses you.
An orc priest comes into view. It is wielding a short sword.
You barely miss the orc.
The orc priest shouts!
The giant cockroach bites you. The orc hits you with a flail!
* * * LOW HITPOINT WARNING * * *
The orc priest calls down the wrath of Beogh upon you.
Beogh smites you!
* * * LOW HITPOINT WARNING * * *
The giant cockroach misses you.
You take 24 damage, and have 2/40 hp.
MASSIVE DAMAGE!!
Unknown command.
As you read the scroll labeled ORCHIY VUXUFOU, it crumbles to dust.
It is a scroll of identify.
d - 2 scrolls of enchant armour;
r - 2 scrolls of identify
c - a fizzy golden potion The orc hits you with a falchion.
* * * LOW HITPOINT WARNING * * *
The orc barely misses you.
The giant cockroach bites you but does no damage.
You take 1 damage, and have 1/40 hp.
It was a potion of agility.
You feel agile all of a sudden.
The orc wizard mumbles some strange words.
The orc wizard flickers and vanishes for a moment.
The orc hits you but does no damage. The giant cockroach closely misses you.
The orc barely misses you.
It was a potion of haste.
You feel yourself speed up. The orc barely misses you.
The giant cockroach bites you but does no damage.
The orc hits you with a flail!
You die...

#### ### #..
......##
##.#.#.#####
#.ooso......
#..#@#.# #..o..#
#..#.###
##..#...#######
...............$
................
#...........[###.
#########.####
#.#


You could see an orc priest, an orc wizard (invisible), 2 orcs and a giant
cockroach.

Vanquished Creatures
  4 adders (D:2)
  An ooze (D:1)
  An orc (D:3)
  3 giant cockroaches
  2 hobgoblins (D:1)
  3 jackals (D:2)
  7 kobolds
  2 bats
  3 frilled lizards
  6 goblins (D:1)
  5 rats (D:2)
37 creatures vanquished.

Notes
Turn   | Place    | Note
-------+----------+-------------------------------------------
     0 | D:1      | theanonym the Ghoul Monk began the quest for the Orb.
     0 | D:1      | Reached XP level 1. HP: 19/19 MP: 0/0
     0 | D:1      | theanonym: !lg * win race=ghoul s=god
     0 | D:1      | beem: 1323 games for * (win race=ghoul): 293x Makhleb, 240x Okawaru, 152x Ru, 145x Cheibriados, 61x Yredelemnul, 55x Kikubaaqudgha, 51x Lugonu, 45x Ashenzari, 44x Nemelex Xobeh, 43x Qazlal, 35x Trog, 28x Uskayaw, 28x Xom, 21x Hepliaklqana, 17x Vehumet, 15x Sif Muna, 13x Pakellas, 12x Dithmenos, 9x Jiyva, 7x, 5x Wu Jian, 4x Gozag
     0 | D:1      | theanonym: !lg * win race=ghoul class=monk s=god
     0 | D:1      | beem: 382 games for * (win race=ghoul class=monk): 99x Makhleb, 74x Ru, 65x Okawaru, 58x Cheibriados, 22x Yredelemnul, 17x Qazlal, 10x Kikubaaqudgha, 7x Hepliaklqana, 6x Nemelex Xobeh, 6x Ashenzari, 5x Pakellas, 3x Uskayaw, 2x Gozag, 2x Lugonu, 2x Wu Jian, Trog, Jiyva, Dithmenos, Xom
     0 | D:1      | theanonym: !lg * win race=ghoul class=monk god=ru s=maxskills
     0 | D:1      | beem: 74 games for * (win race=ghoul class=monk god=ru): 13x Fighting,Unarmed Combat, 13x Unarmed Combat, 13x Fighting,Armour,Shields,Unarmed Combat, 10x, 4x Fighting,Armour,Unarmed Combat, 2x Fighting,Throwing,Armour,Shields,Unarmed Combat, 2x Fighting,Armour,Dodging,Shields,Unarmed Combat, 2x Fighting,Armour,Shields,Unarmed Combat,Earth Magic, Fighting,Armour,Dodging,Shields,Unarmed Combat,Evocation...
   196 | D:1      | Reached XP level 2. HP: 23/26 MP: 1/1
   754 | D:1      | Reached skill level 3 in Dodging
   754 | D:1      | Reached skill level 4 in Unarmed Combat
   754 | D:1      | Reached XP level 3. HP: 29/31 MP: 2/2
   914 | D:2      | theanonym: ??unarmed combat
   914 | D:2      | beem: unarmed combat[1/3]: Fighting without a weapon. Base damage is 3 + UC skill (+2 per claws level (so +6 Tr, +2 Gh), +X for forms); delay 1.0 - UC/54.0; +2 to hit.
   914 | D:2      | theanonym: ??unarmed combat[2
   914 | D:2      | beem: unarmed combat[2/3]: Base for forms: Normal/Hog 3, Spider 5 (venom), Bat 1, Vampire Bat 2 (vamp), Ice 12 (freezing), Blade 8 + (str + dex) / 3, Statue (6 + str / 3), Dragon 18 + str*2/3, Lich 5 (drain). Form base damage scales with skill, just like normal punches.
   914 | D:2      | theanonym: ??unarmed combat[3
   914 | D:2      | beem: auxiliary attacks[1/4]: Auxiliary attacks are /extra/ melee attacks using body parts. You can get auxiliary attacks by having hooves, horns, talons, fangs, a beak, or a large muscular tail. Unarmed Combat skill does not affect these. However, if you have Unarmed Combat skill and are not using a shield or two-handed weapon, you do get an offhand punch.
  1013 | D:2      | Found a white marble altar of Elyvilon.
  1024 | D:2      | Found a glowing golden altar of the Shining One.
  1027 | D:2      | Found a glowing silver altar of Zin.
  1195 | D:2      | Reached XP level 4. HP: 36/40 MP: 3/3
  1479 | D:2      | Found a burning altar of Makhleb.
  1603 | D:3      | HP: 2/40 [orc priest/divine providence (14)]
  1606 | D:3      | Mangled by an orc

Vault maps used:
D:1:      erik_arrival_triangle_small
D:2:      good_gods_mini_temple, lightli_temple_of_fire
D:3:      lemuel_crystal_altar, okawaru_trees_2, kennysheep_slug_shrine

Skill      XL: |  1  2 |
---------------+-------+-----
Dodging        | 3 |  3.2
Unarmed Combat | 4 |  4.4
Fighting       | |  3.9
Armour         | |  0.7
Stealth        | |  2.1

Action                   |  1- 3 |  4- 6 || total
-------------------------+-------+-------++-------
Melee: Unarmed           |   111 |    33 ||   144
  Use: Potion            |     1 |     2 ||     3
       Scroll            |       |     1 ||     1
 Stab: Sleeping          |     3 |       ||     3
  Eat: Chunk             |     3 |       ||     3
Armor: Robe              |    17 |       ||    17
       Leather armour    |     6 |    15 ||    21
Dodge: Dodged            |    79 |    31 ||   110

Table legend:
 A = Spawn XP
 B = Non-spawn XP
 C = Spawn XP percentage of total XP
 D = Spawn monster count
 E = Non-spawn monster count
 F = Spawn count percentage of total count
 G = Total turns spent on level
                    A         B        C        D         E        F      G
               +---------+---------+-------+---------+---------+-------+---------
         Total |       0 |     112 |   0.0 |       0 |      37 |   0.0 |  1606
               +---------+---------+-------+---------+---------+-------+---------
           D:1 |       0 |      35 |   0.0 |       0 |      18 |   0.0 |   895
           D:2 |       0 |      74 |   0.0 |       0 |      18 |   0.0 |   670
           D:3 |       0 |       3 |   0.0 |       0 |       1 |   0.0 |    41
               +---------+---------+-------+---------+---------+-------+---------
